 Dungeon Crawl Stone Soup version 0.27-a0-1177-g245c70e1c0 (webtiles) character file.

Game seed: 11537679695217631135

25769 pokeman the Eclecticist (level 12, -14/70 HPs)
             Began as a Deep Elf Hedge Wizard on May 16, 2021.
             Was a Priest of Vehumet.
             Demolished by a boulder beetle (25 damage)
             ... on level 13 of the Dungeon.
             The game lasted 01:05:04 (21834 turns).

pokeman the Eclecticist (Deep Elf Hedge Wizard)    Turns: 21834, Time: 01:05:06

Health: -14/70     AC: 10    Str:  7    XL:     12   Next: 92%
Magic:  28/44      EV: 12    Int: 28    God:    Vehumet [***...]
Gold:   1121       SH:  5    Dex: 14    Spells: 33/45 levels left

rFire    + . .     SeeInvis +   c - +9 war axe "Umitiobu" {elec, Stlth+}
rCold    . . .     Faith    .   (no shield)
rNeg     . . .     Spirit   .   z - +1 leather armour {rF+}
rPois    .         Reflect  +   t - +1 hat {Int+3}
rElec    .         Harm     .   Z - +0 cloak
rCorr    .         Rampage  .   n - +1 pair of gloves
Will     +....                  b - +0 pair of boots
Stlth    +++.......             X - amulet of reflection
HPRegen  0.21/turn              F - ring of see invisible
MPRegen  0.29/turn              B - ring of magical power

@: no status effects
A: no striking features
a: Renounce Religion


You were on level 13 of the Dungeon.
You worshipped Vehumet.
Vehumet was most pleased with you.
You visited 2 branches of the dungeon, and saw 14 of its levels.
You also visited: Sewer, Ossuary and Ice Cave.

You collected 1121 gold pieces.

Inventory:

Hand Weapons
 c - the +9 war axe "Umitiobu" (weapon) {elec, Stlth+}
   (You found it on level 12 of the Dungeon)

   Occasionally, upon striking a foe, it can discharge electrical energy and
   cause terrible harm.
   It makes you more stealthy.
 l - a +0 hand crossbow
 s - the +6 mace of the Grave {protect, *Rage Int+2 Dex+3}
   (You found it in an ice cave)

   It grants its wielder temporary protection when it strikes (+7 to AC).
   It affects your intelligence (+2).
   It affects your dexterity (+3).
   It may make you go berserk in combat.
 u - a +2 longbow of freezing
 E - the +5 trident "Nomiem" {drain, Stlth+}
   (You found it on level 6 of the Dungeon)

   A truly terrible weapon, it drains the life of those it strikes.
   It makes you more stealthy.
Missiles
 d - 4 atropa-tipped darts
 v - 319 arrows
 A - 138 bolts
 U - a curare-tipped dart
Armour
 b - a +0 pair of boots (worn)
 n - a +1 pair of gloves (worn)
 t - a +1 hat of intelligence (worn)
 z - a +1 leather armour of fire resistance (worn)
 Z - a +0 cloak (worn)
Jewellery
 a - a ring of protection from cold
 r - a ring of protection from fire
 w - a ring of protection from cold
 B - a ring of magical power (right hand)
 F - a ring of see invisible (left hand)
 H - a ring of flight
 Q - a ring of ice
 S - a ring of ice
 X - an amulet of reflection (around neck)
Wands
 k - a wand of mindburst (30)
 p - a wand of iceblast (25)
 y - a wand of digging (7)
Scrolls
 f - 3 scrolls of enchant weapon
 j - 3 scrolls of enchant armour
 m - a scroll of immolation
 q - 4 scrolls of blinking
 x - a scroll of holy word {unknown}
 C - 6 scrolls of teleportation
 K - a scroll of magic mapping
 M - a scroll of fog {unknown}
 N - a scroll of identify
Potions
 e - 3 potions of haste
 g - a potion of cancellation
 h - 8 potions of curing
 o - a potion of berserk rage
 D - 3 potions of ambrosia
 G - 3 potions of brilliance {unknown}
 I - a potion of lignification
 J - 2 potions of mutation
 L - a potion of magic
 V - 3 potions of heal wounds
Miscellaneous
 i - a box of beasts (inert)


   Skills:
 + Level 6.1 Fighting
 - Level 5.0 Armour
 - Level 3.0 Dodging
 - Level 3.2 Stealth
 * Level 17.3 Spellcasting
 + Level 10.8 Conjurations
 + Level 1.6 Summonings
 - Level 1.1 Translocations
 + Level 10.3 Fire Magic
 - Level 1.1 Air Magic
 - Level 1.2 Poison Magic
 - Level 1.0 Evocations


You had 33 spell levels left.
You knew the following spells:

 Your Spells              Type           Power      Damage    Failure   Level
a - Magic Dart            Conj           100%       1d8       1%          1
b - Mephitic Cloud        Conj/Pois/Air  49%        N/A       1%          3
c - Call Imp              Summ           33%        N/A       1%          2
d - Blink                 Tloc           N/A        N/A       2%          2
e - Conjure Flame         Conj/Fire      70%        6-21      1%          3
f - Foxfire               Conj/Fire      100%       2x1d9     1%          1

Your spell library contained the following spells:

 Spells                   Type           Power      Damage    Failure   Level
 Ignite Poison            Fire/Tmut/Pois 46%        N/A       1%          3
 Hailstorm                Conj/Ice       53%        3d12      1%          4
 Ensorcelled Hibernation  Hex/Ice        48%        N/A       4%          2
 Passwall                 Tmut/Erth      20%        N/A       4%          2
 Slow                     Hex            24%        N/A       4%          2
 Animate Armour           Summ/Erth      56%        N/A       19%         4
 Animate Dead             Necr           12%        N/A       26%         4
 Spellforged Servitor     Conj/Summ      28%        N/A       41%         7
 Silence                  Hex/Air        13%        N/A       50%         5
 Borgnjor's Vile Clutch   Necr/Erth      12%        N/A       58%         5
 Shadow Creatures         Summ           N/A        N/A       91%         6
 Blade Hands              Tmut           12%        N/A       99%         6
 Death Channel            Necr           12%        N/A       99%         6
 Simulacrum               Ice/Necr       12%        N/A       99%         6


Dungeon Overview and Level Annotations

Branches:
Dungeon (13/15)            Temple (1/1) D:7            Lair (0/6) D:11
    Orc (0/2) D:9           Sewer (visited)         Ossuary (visited)
  IceCv (visited)
 Vaults: D:13-14

Altars:
Ashenzari
Cheibriados
Dithmenos
Elyvilon
Fedhas
Gozag
Hepliaklqana
Kikubaaqudgha
Makhleb
Qazlal
Ru
Sif Muna
Trog
Vehumet
Wu Jian
Xom
Yredelemnul
Zin
The Shining One

Shops:
D:3 :   D:9 =   D:10 :


Message History

The boulder beetle is heavily wounded.
Unknown command.
Unknown command.
Unknown command.
Casting: Mephitic Cloud (safe; 1% risk of failure)
Confirm with . or Enter, or press ? or * to list all spells.
You conjure some foxfire!
The boulder beetle is engulfed in noxious fumes. x2
The boulder beetle appears confused.
Unknown command.
Casting: Foxfire (safe; 1% risk of failure)
Confirm with . or Enter, or press ? or * to list all spells.
You conjure some foxfire!
The foxfire hits the boulder beetle but does no damage.
The boulder beetle is severely wounded.
The foxfire hits the boulder beetle but does no damage.
The boulder beetle is severely wounded.
The boulder beetle is engulfed in noxious fumes.
The boulder beetle appears confused.
You hit the boulder beetle but do no damage.
The boulder beetle is severely wounded.
The foxfire hits the boulder beetle.
The boulder beetle is severely wounded.
The foxfire hits the boulder beetle but does no damage.
The boulder beetle is severely wounded.
You block the boulder beetle's attack.
The boulder beetle stops rolling and uncurls.
The boulder beetle bites you but does no damage.
You hit the boulder beetle but do no damage.
The boulder beetle is severely wounded.
The boulder beetle bites you!!
* * * LOW HITPOINT WARNING * * *
Unknown command.
You strike the helpless boulder beetle from behind!
You hit the boulder beetle but do no damage.
Lightning courses through the boulder beetle!!
The boulder beetle is almost dead.
The boulder beetle is engulfed in blazing flames.
The boulder beetle bites you!!
You die...

#..# #.# #..#
#.# #..# #.#
#..# #.# #..#
#.# #..# #..#
#.# #..# #..#
#.# #..# #..#
# ##.# #..#
#@.##.# ...#
#..# #B....#
...# #..#
#.....# ##.#
#..#
#.....#####
#.####).#
#.###○#
#.......###.#
#.#
#..##.......#
#>#
#..##..###..#
#.# #..##..#
.# #.#


You could see a boulder beetle (confused).

Vanquished Creatures
  A frost giant (IceCv)
  2 hydras
  3 centaur warriors (D:13)
  3 two-headed ogres
  3 skeletal warriors (D:12)
  Pikel (D:4)
  A manticore (D:13)
  3 cyclopes
  An ice statue (IceCv)
  A komodo dragon (D:10)
  2 rime drakes (IceCv)
  3 meliai
  A hornet (D:7)
  14 polar bears (IceCv)
  3 trolls
  A meliai zombie (D:10)
  3 wyverns (D:9)
  18 yaks
  5 vampire mosquitoes
  A water moccasin (D:5)
  An acid dragon (D:9)
  Duvessa (D:4)
  A sky beast (D:6)
  2 black bears
  An orc warrior (D:12)
  2 ice beasts
  7 necrophages
  13 wolves
  An ogre (D:6)
  7 centaurs
  2 phantoms
  A kobold brigand (D:8)
  5 bullfrogs
  A scorpion (D:7)
  Dowan (D:4)
  A wyvern skeleton (D:7)
  A water moccasin skeleton (D:5)
  2 wights (D:10)
  A howler monkey (D:6)
  6 electric eels
  10 centaur zombies
  A bullfrog zombie (D:5)
  2 human zombies
  A bullfrog skeleton (D:5)
  2 hounds
  3 orc priests
  A centaur skeleton (D:6)
  2 gnoll shamans
  An iguana (D:7)
  Natasha (thrice) (D:3)
  14 orc wizards
  11 mummies
  16 gnolls
  6 adders
  A shadow imp (D:6)
  A white imp (D:6)
  2 ufetubi
  An adder zombie (D:5)
  A worm zombie (D:7)
  An adder skeleton (D:4)
  A worm (D:2)
  4 dart slugs
  24 orcs
  17 ball pythons
  19 endoplasms
  14 giant cockroaches
  7 goblins
  7 hobgoblins
  3 jackals (D:2)
  13 quokkas
  10 bats
  18 frilled lizards
  2 gnoll zombies (Ossuary)
  A goblin zombie (D:7)
  13 kobolds
  7 kobold zombies
  7 rats
374 creatures vanquished.

Vanquished Creatures (collateral kills)
  A vampire mosquito (D:12)
  A gnoll (D:3)
2 creatures vanquished.

Vanquished Creatures (others)
  3 polar bears (IceCv)
  A yak (IceCv)
  4 wolves (IceCv)
  2 electric eels
  176 foxfires
  3 plants
189 creatures vanquished.

Grand Total: 565 creatures vanquished

Notes
Turn   | Place    | Note
-------+----------+-------------------------------------------
     0 | D:1      | pokeman the Deep Elf Hedge Wizard began the quest for the
                  | Orb.
     0 | D:1      | Reached XP level 1. HP: 10/10 MP: 7/7
   344 | D:1      | Reached XP level 2. HP: 16/16 MP: 7/9
   881 | D:1      | Reached skill level 5 in Spellcasting
  1119 | D:1      | Reached XP level 3. HP: 20/20 MP: 3/11
  1123 | D:1      | Learned a level 3 spell: Mephitic Cloud
  1126 | D:1      | Learned a level 2 spell: Call Imp
  1129 | D:1      | Learned a level 2 spell: Blink
  1133 | D:1      | Learned a level 3 spell: Conjure Flame
  2006 | D:2      | Reached skill level 1 in Armour
  2207 | D:2      | Reached skill level 1 in Fighting
  2664 | D:2      | You fall into a shaft and drop 1 floor!
  2702 | D:3      | Found a glowing golden altar of the Shining One.
  2747 | D:3      | Reached XP level 4. HP: 25/25 MP: 8/13
  2823 | D:3      | Found a faded altar of an unknown god.
  2834 | D:3      | Found a glowing drain.
  2845 | Sewer    | Entered a sewer
  3485 | Sewer    | Reached skill level 1 in Fire Magic
  3859 | Sewer    | Reached skill level 6 in Spellcasting
  3911 | Sewer    | Reached XP level 5. HP: 29/29 MP: 12/15
  4093 | Sewer    | Reached skill level 1 in Air Magic
  4099 | Sewer    | Reached XP level 6. HP: 17/34 MP: 3/17
  4367 | D:3      | You fall into a shaft and drop 1 floor!
  4475 | D:4      | Reached skill level 7 in Spellcasting
  4475 | D:4      | Reached skill level 1 in Poison Magic
  4625 | D:3      | Reached skill level 1 in Evocations
  5244 | D:3      | Found Fossas's Book Shoppe.
  5293 | D:3      | Noticed Natasha
  5300 | D:3      | Killed Natasha
  5806 | D:3      | Found a burning altar of Makhleb.
  5833 | D:3      | Noticed Natasha
  5861 | D:3      | Killed Natasha
  5887 | D:3      | Noticed Natasha
  5899 | D:3      | Killed Natasha
  6045 | D:4      | Noticed Duvessa
  6045 | D:4      | Noticed Dowan
  6301 | D:4      | Reached XP level 7. HP: 32/38 MP: 16/20
  6434 | D:4      | Noticed Pikel
  6440 | D:4      | Upgraded the game from 0.27-a0-1158-gaa87e14f67 to
                  | 0.27-a0-1177-g245c70e1c0
  6451 | D:4      | Killed Pikel
  6452 | D:4      | Reached skill level 8 in Spellcasting
  6452 | D:4      | Reached XP level 8. HP: 31/45 MP: 14/22
  6771 | D:4      | Killed Duvessa
  6772 | D:4      | Reached skill level 9 in Spellcasting
  7083 | D:4      | Killed Dowan
  7280 | D:5      | Entered Level 5 of the Dungeon
  7402 | D:5      | Reached skill level 5 in Conjurations
  7828 | D:5      | Reached skill level 10 in Spellcasting
  8695 | D:6      | Identified the +5 trident "Nomiem" {drain, Stlth+}
  8744 | D:6      | Reached XP level 9. HP: 42/49 MP: 17/25
  8802 | D:6      | Reached skill level 5 in Fire Magic
  8990 | D:6      | Found a hazy altar of Hepliaklqana.
  9515 | D:7      | Found a sand-covered staircase.
  9526 | D:7      | Reached skill level 11 in Spellcasting
  9531 | Ossuary  | Entered an ossuary
 10329 | D:7      | Identified the +1 dagger of Royalism {elec, Fragile rCorr
                  | Dex+7}
 10690 | D:7      | Found a staircase to the Ecumenical Temple.
 10697 | Temple   | Entered the Ecumenical Temple
 10717 | Temple   | Became a worshipper of Vehumet
 11066 | D:8      | Found a transporter.
 11149 | D:8      | Found an opulent altar of Gozag.
 11295 | D:8      | Reached skill level 12 in Spellcasting
 11497 | D:8      | Found a blossoming altar of Fedhas.
 11664 | D:8      | Found a transporter.
 11750 | D:8      | Found a bloodstained altar of Trog.
 12308 | D:9      | Reached XP level 10. HP: 50/56 MP: 28/28
 12429 | D:9      | Found a staircase to the Orcish Mines.
 12582 | D:9      | Found a shimmering altar of Xom.
 12585 | D:9      | Found a white marble altar of Elyvilon.
 12585 | D:9      | Found a snail-covered altar of Cheibriados.
 12599 | D:9      | Found an ornate altar of the Wu Jian Council.
 12599 | D:9      | Found a shimmering blue altar of Sif Muna.
 12599 | D:9      | Found a basalt altar of Yredelemnul.
 12907 | D:9      | Reached * piety under Vehumet
 12907 | D:9      | Offered knowledge of Freeze by Vehumet.
 13191 | D:9      | Found Lised's Jewellery Boutique.
 13386 | D:10     | Entered Level 10 of the Dungeon
 13688 | D:10     | Reached skill level 13 in Spellcasting
 13958 | D:10     | Found a glowing silver altar of Zin.
 14118 | D:10     | Found Gerudghe's Book Emporium.
 14658 | D:10     | Found an ancient bone altar of Kikubaaqudgha.
 15079 | D:11     | Noticed a two-headed ogre
 15132 | D:10     | Killed a two-headed ogre
 15133 | D:10     | Reached skill level 14 in Spellcasting
 15133 | D:10     | Reached XP level 11. HP: 29/61 MP: 24/31
 15301 | D:11     | Noticed a six-headed hydra
 15302 | D:11     | Noticed a two-headed ogre
 15350 | D:11     | Offered knowledge of Searing Ray by Vehumet.
 15494 | D:11     | Reached ** piety under Vehumet
 15903 | D:11     | Found a staircase to the Lair.
 15919 | D:11     | Killed a two-headed ogre
 16277 | D:11     | Killed a six-headed hydra
 16278 | D:11     | Reached skill level 5 in Armour
 16278 | D:11     | Reached skill level 15 in Spellcasting
 16656 | D:12     | Found a frozen archway.
 16682 | IceCv    | Entered an ice cave
 17076 | IceCv    | HP: 1/61 [ice statue] (8)]
 17470 | IceCv    | Identified the Volume of Conjuration and Shape Shifting
 17474 | IceCv    | Learned a level 1 spell: Foxfire
 17698 | IceCv    | Identified the +6 mace of the Grave {protect, *Rage Int+2
                  | Dex+3}
 18099 | IceCv    | Reached XP level 12. HP: 38/68 MP: 30/33
 18258 | IceCv    | Reached skill level 5 in Fighting
 18408 | IceCv    | Noticed a frost giant
 18430 | IceCv    | Reached skill level 16 in Spellcasting
 18696 | IceCv    | Offered knowledge of Ignite Poison by Vehumet.
 18697 | IceCv    | Reached skill level 10 in Conjurations
 18727 | IceCv    | Killed a frost giant
 19598 | D:12     | Reached *** piety under Vehumet
 19863 | D:12     | Identified the +9 war axe "Umitiobu" {elec, Stlth+}
 19902 | D:12     | Noticed an eight-headed hydra
 19919 | D:12     | Killed a ten-headed hydra
 20402 | D:12     | Reached skill level 10 in Fire Magic
 20493 | D:12     | Noticed a two-headed ogre
 20504 | D:12     | Killed a two-headed ogre
 21052 | D:13     | Noticed a centaur warrior
 21063 | D:13     | Killed a centaur warrior
 21064 | D:13     | Reached skill level 17 in Spellcasting
 21197 | D:13     | Noticed a centaur warrior
 21202 | D:13     | Killed a centaur warrior
 21206 | D:13     | HP: 2/70 [meliai/+0 war axe (3)]
 21678 | D:13     | Noticed a centaur warrior
 21693 | D:13     | Killed a centaur warrior
 21801 | D:13     | Noticed a boulder beetle
 21834 | D:13     | Demolished by a boulder beetle

Illustrated notes

Levels and vault maps discovered:
D:1:      dpeg_chamrin_arrival_tetris, layout_basic, hangedman_decor_opposing,
          serial_bayou_ford_a
D:2:      layout_loops_corners, minmay_hedge_maze, minivault_24
D:3:      layout_loops_cross, old_standard_altar, lemuel_tele_altar,
          hellmonk_ecumenical_altar_heavens_door, serial_shops, shop_statue,
          portal_sewer_entry_d, uniq_natasha
D:4:      layout_loops_corners, uniq_duvessa, uniq_pikel
D:5:      layout_rooms, serial_curves, eino_curves_03, eino_curves_01
D:6:      layout_loops_ring, kennysheep_little_box,
          hangedman_abyss_or_decor_stabs, corner_web_ring, minmay_statues_item,
          corexii_shack
D:7:      layout_loops_corners, minmay_temple_entry_gardened_gates,
          enter_ossuary_3, nicolae_water_bricks
D:8:      gammafunk_steamed_eel, layout_basic, kennysheep_mini_moat,
          nicolae_overflow_crystal_walls, fedhas_bush_and_centaur_altar,
          kennysheep_generic_room_7
D:9:      minmay_flawed_box, layout_basic, doesnt_xom_only_xom, serial_aquarium,
          aquarium_bridge_long_joined [aquarium_subvault_bridge,
          aquarium_subvault_bridge, aquarium_subvault_balcony,
          aquarium_subvault_bridge, aquarium_subvault_wall,
          aquarium_subvault_window], aquarium_window_fake,
          aquarium_window_corner, aquarium_view_2e, aquarium_pool_2,
          minmay_shop_enchanted_jewellery
D:10:     layout_rooms, zin_scriptorium, lemuel_mausoleum_altar_kikubaaqudgha,
          serial_shops, nicolae_shop_behind_doors, hex_medium
D:11:     layout_long_grid, erik_lair_island, bh_walls_and_bars
D:12:     layout_grid_maze, portal_ice_cave_entry_pillars_2, grunt_decor_cap
D:13:     layout_long_grid
Temple:   cyrus_circular_temple

Skill      XL: |  1  2  3  4  5  6  7  8  9 10 11 12 |
---------------+-------------------------------------+-----
Spellcasting   | 5 6 7 8 10 12 14 15 17 | 17.3
Armour         | 1 2 3 4 5 |  5.0
Conjurations   | 2 3 4 5 7 8 9 10 | 10.8
Fighting       | 1 2 3 4 6 |  6.1
Fire Magic     | 1 3 4 6 7 9 10 | 10.3
Dodging        | 3 |  3.0
Air Magic      | 1 |  1.1
Stealth        | 3 |  3.2
Poison Magic   | 1 |  1.2
Evocations     | 1 |  1.0
Summonings     | |  1.6
Translocations | |  1.1

Action                   |  1- 3 |  4- 6 |  7- 9 | 10-12 || total
-------------------------+-------+-------+-------+-------++-------
Melee: Dagger            |     4 |       |    32 |       ||    36
       Short sword       |     6 |    67 |    12 |       ||    85
       Spear             |       |       |    21 |       ||    21
       Whip              |       |       |    13 |       ||    13
       Trident           |       |       |    91 |   308 ||   399
       War axe           |       |       |       |    24 ||    24
 Cast: Magic Dart        |   133 |   189 |   224 |   123 ||   669
       Call Imp          |     2 |     3 |     3 |    26 ||    34
       Mephitic Cloud    |       |     6 |    36 |    67 ||   109
       Conjure Flame     |       |     5 |    31 |    78 ||   114
       Blink             |       |       |     5 |    30 ||    35
       Foxfire           |       |       |       |    98 ||    98
Evoke: Wand              |       |       |       |    11 ||    11
       Box of beasts     |       |       |       |     1 ||     1
  Use: Scroll            |       |       |       |    25 ||    25
 Stab: Sleeping          |     2 |       |       |       ||     2
       Confused          |       |     2 |    13 |    28 ||    43
       Distracted        |       |       |       |     1 ||     1
Armor: Robe              |     2 |       |       |       ||     2
       Leather armour    |     3 |     9 |    25 |   134 ||   171
Dodge: Dodged            |    15 |    40 |   103 |   203 ||   361
Block: Other             |       |       |       |   108 ||   108
       Reflection        |       |       |       |     3 ||     3

Table legend: (Time is in decaauts)
 A = Elapsed time spent in this place.
 B = Non-inter-level travel time spent in this place.
 C = Inter-level travel time spent in this place.
 D = Time resting spent in this place.
 E = Time spent auto-exploring this place.
 F = Levels seen in this place.
 G = Mean time per level.
                   A        B        C        D        E       F      G
               +--------+--------+--------+--------+--------+-----+--------+
         Total |  22034 |  21362 |    672 |   2972 |  14342 |  17 | 1296.1 |
       Dungeon |  17592 |  16931 |    661 |   1286 |  12598 |  13 | 1353.2 |
        Temple |     85 |     74 |     11 |      0 |     13 |   1 |   85.0 |
         Sewer |   1474 |   1474 |      0 |    334 |    940 |   1 | 1474.0 |
       Ossuary |    476 |    476 |      0 |      6 |    320 |   1 |  476.0 |
      Ice Cave |   2405 |   2405 |      0 |   1346 |    470 |   1 | 2405.0 |
               +--------+--------+--------+--------+--------+-----+--------+

Top non-repeatable levels by time:
   IceCv: 2405 daAuts
    D:12: 1984 daAuts
    D:10: 1843 daAuts
     D:1: 1736 daAuts
   Sewer: 1474 daAuts
     D:2: 1461 daAuts
     D:4: 1414 daAuts
     D:8: 1283 daAuts
     D:3: 1244 daAuts
    D:11: 1231 daAuts
     D:7: 1200 daAuts
     D:5: 1192 daAuts
     D:9: 1161 daAuts
     D:6: 944 daAuts
    D:13: 893 daAuts
